 Dungeon Crawl Stone Soup version 0.29-a0-997-gf6f7e2dfe7 (webtiles) character file.

Game seed: 11289721955921801669

7 gelatine the Trooper (level 1, -1/18 HPs)
             Began as a Demonspawn Abyssal Knight on Aug 4, 2022.
             Was a Follower of Lugonu.
             Slain by a quokka (3 damage)
             ... on level 1 of the Dungeon.
             The game lasted 00:01:34 (460 turns).

gelatine the Trooper (Demonspawn Abyssal Knight)     Turns: 460, Time: 00:01:34

Health: -1/18      AC:  5    Str: 13    XL:     1   Next: 83%
Magic:  11/11      EV: 10    Int: 11    God:    Lugonu [*.....]
Gold:   16         SH:  0    Dex: 13    Spells: 0/0 levels left

rFire   . . .      SeeInvis .   g - +0 great mace
rCold   . . .      Faith    .   (shield currently unavailable)
rNeg    . . .      Spirit   .   f - +0 ring mail
rPois   .          Reflect  .   (no helmet)
rElec   .          Harm     .   (no cloak)
rCorr   .          Rampage  .   (no gloves)
Will    .....                   (no boots)
Stlth   +.........              (no amulet)
HPRegen 0.06/turn               c - ring of magical power
MPRegen 0.12/turn               (no ring)

@: no status effects
A: no striking features
a: Renounce Religion, Depart the Abyss


You were on level 1 of the Dungeon.
You worshipped Lugonu.
Lugonu was aware of your devotion.
You visited 1 branch of the dungeon, and saw 1 of its levels.
You visited the Abyss 1 time.

You collected 16 gold pieces.

Inventory:

Hand Weapons
 a - a +1 hand axe
 g - a +0 great mace (weapon)
Missiles
 e - a throwing net
Armour
 b - a +0 leather armour
 f - a +0 ring mail (worn)
Jewellery
 c - a ring of magical power (left hand)
 h - an amulet of faith
Potions
 d - 3 potions of mutation {unknown}


   Skills:
 + Level 3.1 Fighting
 + Level 2.0 Axes
 + Level 1.9 Armour
 + Level 0.8 Dodging
 + Level 2.6 Invocations


You couldn't memorise any spells.
You didn't know any spells.
Your spell library was empty.

Dungeon Overview and Level Annotations

Branches:
Dungeon (1/15)

Altars:


Message History

You see here a +0 whip.
Found a quarterstaff.
You open the door.
There is an open door here.
You open the door.
There is an open door here.
You open the door.
Found 2 stones.
There is an open door here.
As you open the door, it creaks loudly!
There is an open door here.
You open the door.
An endoplasm comes into view.
A quokka, a goblin and an endoplasm come into view.
Found a ring of magical power.
The goblin shouts!
There is an open door here.
The endoplasm hits you but does no damage.
You sock the endoplasm!
You kill the endoplasm!
Lugonu accepts your kill. The goblin hits you with a +0 club.
The quokka bites you. The goblin hits you but does no damage.
Your Axes skill increases to level 2!
The quokka barely misses you. The endoplasm barely misses you.
The goblin hits you with a +0 club. The endoplasm attacks as you move away!
The endoplasm barely misses you. The quokka barely misses you.
The quokka bites you. The goblin barely misses you. The goblin misses you.
There is an open door here.
The goblin attacks as you move away! The goblin hits you but does no damage.
The quokka attacks as you move away! The quokka closely misses you.
You closely miss the quokka. The quokka bites you.
The quokka bites you but does no damage.
You closely miss the quokka. The quokka bites you.
* * * LOW HITPOINT WARNING * * *
The quokka bites you but does no damage.
You barely miss the quokka. The quokka bites you.
You die...

#.......# #########
+.......# ♣........
#.......# ♣..8..8..
#.......# ♣...÷÷...
#....=..♣♣♣....÷...
#.J.....♣♣...8..8..
##g####.♣♣.........
##r#### ♣...8..8..
#.@...# ♣♣...÷÷...
#.....# ♣...÷....
#.....# ♣..8..8..
##.#### ♣........
#.# ######### #.#
.... #.# #### #.#
##'#####


You could see an endoplasm, a quokka and a goblin.

Vanquished Creatures
  An endoplasm (D:1)
  A goblin (D:1)
  A hobgoblin (D:1)
  2 kobolds (D:1)
5 creatures vanquished.

Notes
Turn   | Place    | Note
-------+----------+-------------------------------------------
     0 | Abyss:1  | gelatine the Demonspawn Abyssal Knight began the quest for
                  | the Orb.
     0 | Abyss:1  | Reached XP level 1. HP: 18/18 MP: 2/2
     1 | D:1      | Escaped the Abyss
   460 | D:1      | Slain by a quokka

Illustrated notes

Levels and vault maps discovered:
D:1:      giann_forest_graveyard, layout_basic, minmay_tromino_i2

Skill      XL: |  1 |
---------------+----+-----
Axes           | 2 |  2.0
Fighting       | |  3.1
Armour         | |  1.9
Dodging        | |  0.8
Invocations    | |  2.6

Action                   || total
-------------------------++-------
Melee: Great mace        ||    23
       Hand axe          ||     1
Invok: Depart the Abyss  ||     1
Armor: Ring mail         ||    16
Dodge: Dodged            ||    25

Table legend: (Time is in decaauts)
 A = Elapsed time spent in this place.
 B = Non-inter-level travel time spent in this place.
 C = Inter-level travel time spent in this place.
 D = Time resting spent in this place.
 E = Time spent auto-exploring this place.
 F = Levels seen in this place.
 G = Mean time per level.
                   A        B        C        D        E       F      G
               +--------+--------+--------+--------+--------+-----+--------+
         Total |    473 |    461 |     12 |      0 |    342 |   2 |  236.5 |
       Dungeon |    472 |    460 |     12 |      0 |    342 |   1 |  472.0 |
         Abyss |      1 |      1 |      0 |      0 |      0 |   1 |    1.0 |
               +--------+--------+--------+--------+--------+-----+--------+

Top non-repeatable levels by time:
     D:1: 472 daAuts
 Abyss:1: 1 daAuts
